 Dungeon Crawl Stone Soup version 0.21-a0-221-gfe971b9 (webtiles) character file.

73 pkoi the Slasher (level 4, -13/39 HPs)
             Began as a Minotaur Fighter on Aug 27, 2017.
             Killed by divine providence
             ... invoked by an orc priest
              (17 damage)
             ... on level 3 of the Dungeon.
             The game lasted 00:01:48 (1627 turns).

pkoi the Slasher (Minotaur Fighter)                 Turns: 1627, Time: 00:01:49

Health: -13/39     AC:  8    Str: 21    XL:     4   Next: 8%
Magic:  3/3        EV:  7    Int:  5    God:
Gold:   107        SH: 10    Dex: 10    Spells: 3/3 levels left

rFire    . . .     SeeInvis .   a - +0 long sword
rCold    . . .     Gourm    .   c - +1 shield
rNeg     . . .     Faith    .   b - +0 scale mail
rPois    .         Spirit   .   (helmet restricted)
rElec    .         Reflect  .   (no cloak)
rCorr    .         Harm     .   k - +0 pair of gloves
MR       .....                  (no boots)
Stlth    ..........             (no amulet)
HPRegen  0.13/turn              (no ring)
MPRegen  0.08/turn              (no ring)

@: no status effects
A: retaliatory headbutt, horns 2
a: no special abilities


You were on level 3 of the Dungeon.
You were not hungry.

You visited 1 branch of the dungeon, and saw 3 of its levels.

You collected 107 gold pieces.

Inventory:

Hand Weapons
 a - a +0 long sword (weapon)
Missiles
 e - 7 tomahawks (quivered)
Armour
 b - a +0 scale mail (worn)
 c - a +1 shield (worn)
 k - a +0 pair of gloves (worn)
Scrolls
 h - a scroll of remove curse
Potions
 d - 2 potions of might
 m - 2 potions of lignification {unknown}
 n - a potion of curing {unknown}
Comestibles
 f - 2 bread rations
 g - a chunk of flesh
 i - 2 fruits
 j - a meat ration


   Skills:
 - Level 3.6 Fighting
 + Level 5.3 Long Blades
 - Level 3.6 Armour
 - Level 3.6 Shields


You had 3 spell levels left.
You didn't know any spells.

Dungeon Overview and Level Annotations

Branches:
Dungeon (3/15)

Altars:


Innate Abilities, Weirdness & Mutations

You reflexively headbutt those who attack you in melee.
You have a pair of horns on your head.


Message History

You hit the orc priest but do no damage.
The orc priest is severely wounded.
The kobold hits you with a whip.
* * * LOW HITPOINT WARNING * * *
The orc priest hits you with a mace.
* * * LOW HITPOINT WARNING * * *
Your shield and scale mail prevent you from hitting the orc priest.
The orc priest is severely wounded.
The kobold barely misses you. You block the orc priest's attack.
Unknown command.
You hit the orc priest.
The orc priest is almost dead.
The kobold hits you but does no damage. The orc priest hits you with a mace.
* * * LOW HITPOINT WARNING * * *
Unknown command.
The kobold hits you with a whip.
* * * LOW HITPOINT WARNING * * *
The orc priest mumbles some strange prayers to Beogh against you.
Beogh smites you!
You die...

#.........≈≈
#..........≈
#..........
#........#
+........#
###........#
#<#....)...#
#.####o#####
#.@.Ka.....#
#..###.###.#
#..###.#
#......#
#.######
#...(..#
######.# .#
#.### #.#
#...# ..#


You could see a worker ant, an orc priest and a kobold.

Vanquished Creatures
  An adder (D:2)
  A worm (D:2)
  2 dart slugs
  3 leopard geckos
  2 orcs (D:3)
  7 bats
  3 giant cockroaches
  5 goblins
  11 hobgoblins
  A quokka (D:2)
  A ball python (D:2)
  2 frilled lizards (D:2)
  6 kobolds
  4 rats
49 creatures vanquished.

Notes
Turn   | Place    | Note
-------+----------+-------------------------------------------
     0 | D:1      | pkoi the Minotaur Fighter began the quest for the Orb.
     0 | D:1      | Reached XP level 1. HP: 19/19 MP: 0/0
    49 | D:1      | Reached skill level 3 in Long Blades
   112 | D:1      | Reached XP level 2. HP: 26/26 MP: 1/1
   199 | D:1      | Reached skill level 4 in Long Blades
   480 | D:1      | Reached XP level 3. HP: 31/31 MP: 2/2
  1013 | D:2      | Reached skill level 5 in Long Blades
  1277 | D:3      | Reached XP level 4. HP: 22/39 MP: 3/3
  1277 | D:3      | HP: 1/39 [cloud of flame (21)]
  1627 | D:3      | Killed from afar by an orc priest

Vault maps used:
D:1:      nzn_arrival_depleted_hourglass, glass_columns_a, minivault_5,
          minmay_misc_feat_rows
D:2:      first_bread, dk_noncrumbling_4
D:3:      minmay_item_behind_shaft, elyvilon_altar_3

Skill      XL: |  1  2  3 |
---------------+----------+-----
Long Blades    | 3 4 5 |  5.3
Fighting       | |  3.6
Armour         | |  3.6
Shields        | |  3.6

Action                   |  1- 3 |  4- 6 || total
-------------------------+-------+-------++-------
Melee: Long sword        |    88 |    10 ||    98
       Headbutt          |    15 |     2 ||    17
  Use: Scroll            |     4 |     1 ||     5
  Eat: Chunk             |     1 |     1 ||     2
Armor: Scale mail        |    48 |     2 ||    50
Dodge: Dodged            |    37 |     2 ||    39
Block: Shield            |    65 |     2 ||    67
       Rpst.: Long sword |    14 |     1 ||    15

Table legend:
 A = Spawn XP
 B = Non-spawn XP
 C = Spawn XP percentage of total XP
 D = Spawn monster count
 E = Non-spawn monster count
 F = Spawn count percentage of total count
 G = Total turns spent on level
                    A         B        C        D         E        F      G
               +---------+---------+-------+---------+---------+-------+---------
         Total |       2 |     103 |   1.9 |       1 |      48 |   2.0 |  1627
               +---------+---------+-------+---------+---------+-------+---------
           D:1 |       0 |      44 |   0.0 |       0 |      24 |   0.0 |   742
           D:2 |       2 |      47 |   4.1 |       1 |      19 |   5.0 |   816
           D:3 |       0 |      12 |   0.0 |       0 |       5 |   0.0 |    69
               +---------+---------+-------+---------+---------+-------+---------
